 Dungeon Crawl Stone Soup version 0.29-a0-322-g68df515428 (webtiles) character file.

Game seed: 5530720408707572031

119 GigaChad the Slasher (level 4, -2/35 HPs)
             Began as a Demonspawn Chaos Knight on Apr 8, 2022.
             Was a Plaything of Xom.
             Succumbed to Crazy Yiuf's poison
             ... while paralysed by Crazy Yiuf
             ... on level 3 of the Dungeon.
             The game lasted 00:07:56 (1904 turns).

GigaChad the Slasher (Demonspawn Chaos Knight)      Turns: 1904, Time: 00:07:56

Health: -2/35      AC:  6    Str: 12    XL:     4   Next: 74%
Magic:  4/4        EV:  2    Int: 16    God:    Xom [*.....]
Gold:   223        SH:  0    Dex: 14    Spells: 3/3 levels left

rFire   . . .      SeeInvis .   a - +0 falchion (chaos)
rCold   + . .      Faith    .   r - +0 kite shield
rNeg    . . .      Spirit   .   b - +2 leather armour
rPois   +          Reflect  +   (no helmet)
rElec   .          Harm     .   (no cloak)
rCorr   .          Rampage  .   (no gloves)
Will    .....                   p - +0 pair of boots
Stlth   +.........              l - amulet of reflection
HPRegen 0.11/turn               h - ring of protection from cold
MPRegen 0.09/turn               k - ring of poison resistance

@: paralysed, lethally poisoned (-2 -> -13)
A: big brain 1, demonic magic 1
a: Renounce Religion


You were on level 3 of the Dungeon.
You worshipped Xom.
You were a special plaything of Xom.
You visited 1 branch of the dungeon, and saw 3 of its levels.

You collected 223 gold pieces.

Inventory:

Hand Weapons
 a - a +0 falchion of chaos (weapon)
 e - a +4 dagger
 q - a +0 dagger
Armour
 b - a +2 leather armour (worn)
 m - an orb of guile
 p - a +0 pair of boots (worn)
 r - a +0 kite shield (worn)
Jewellery
 h - a ring of protection from cold (left hand)
 k - a ring of poison resistance (right hand)
 l - an amulet of reflection (around neck)
Scrolls
 g - a scroll of fog {unknown}
 i - a scroll of fear {unknown}
 j - 2 scrolls of teleportation {unknown}
 o - a scroll of identify {unknown}
Potions
 d - 2 potions of lignification {unknown}
 f - a potion of resistance {unknown}
 n - a potion of heal wounds {unknown}
Miscellaneous
 c - a piece from Xom's chessboard (15/15) (quivered)


   Skills:
 + Level 3.4 Fighting
 + Level 4.1 Long Blades
 + Level 2.0 Armour
 + Level 1.8 Dodging
 + Level 0.1 Stealth
 + Level 0.5 Shields


You had 3 spell levels left.
You didn't know any spells.
Your spell library contained the following spells:

 Spells                   Type           Power      Damage    Failure   Level
 Sandblast                Erth           0%         2d4       75%         1
 Ensorcelled Hibernation  Hex/Ice        0%         N/A       86%         2
 Passwall                 Tmut/Erth      0%         N/A       86%         2
 Confusing Touch          Hex            0%         N/A       98%         3
 Ignite Poison            Fire/Tmut/Pois 0%         N/A       98%         3
 Mephitic Cloud           Conj/Pois/Air  0%         N/A       98%         3
 Stone Arrow              Conj/Erth      0%         3d7       98%         3
 Swiftness                Air            0%         N/A       98%         3
 Freezing Cloud           Conj/Ice/Air   0%         6-21      100%        5
 Yara's Violent Unravell  Hex/Tmut       0%         3d3       100%        5
 Enfeeble                 Hex            0%         N/A       100%        7


Dungeon Overview and Level Annotations

Branches:
Dungeon (3/15)

Altars:

Annotations:
D:2 Sigmund
D:3 Crazy Yiuf


Innate Abilities, Weirdness & Mutations

You have an unusually large brain. (Int +2)
Spells you cast may paralyse adjacent enemies.


Message History

Items here: $ )) ? ††.
You closely miss the goblin. You block the goblin's attack. x2
The goblin hits you but does no damage. You block the goblin's attack.
You slash the goblin! You freeze the goblin.
You kill the goblin!
The goblin hits you but does no damage. The goblin hits you but does no damage.
Items here: ! ) ? †.
You block the goblin's attack.
You barely miss the goblin. You block the goblin's attack.
You slash the goblin!
You kill the goblin!
Things that are here:
a +0 dagger; a goblin corpse HP restored.
Found three maces.
Found a runed translucent door.
Crazy Yiuf shouts!
You see here a +0 mace.
You open the door. You hit Crazy Yiuf but do no damage.
Crazy Yiuf is poisoned.
Crazy Yiuf says, "It is extremely absurd to expect to be enlightened by reason, and yet to prescribe to it beforehand on which side it must incline."
Crazy Yiuf barely misses you. Crazy Yiuf hits you but does no damage.
You barely miss Crazy Yiuf.
Crazy Yiuf is lightly wounded.
Crazy Yiuf barely misses you.
You hit Crazy Yiuf but do no damage.
Crazy Yiuf is lightly wounded.
You block Crazy Yiuf's attack.
You hit Crazy Yiuf.
Crazy Yiuf looks as sick as possible!
Crazy Yiuf is moderately wounded.
Crazy Yiuf hits you with a +4 quarterstaff of chaos!
You suddenly lose the ability to move!
Crazy Yiuf hits you with a +4 quarterstaff of chaos!
Crazy Yiuf hits you with a +4 quarterstaff of chaos!
* * * LOW HITPOINT WARNING * * *
Crazy Yiuf hits you with a +4 quarterstaff of chaos.
* * * LOW HITPOINT WARNING * * *
You are lethally poisoned!
You die...
Xom is highly amused!

#####.# #.......
#.# ####.... #.#
###.# #.# #.#
♣♣♣♣♣### #.# ###
♣♣♣.♣....## #.#
#...#♣).♣..P...##
#.#
#..)g@♣♣♣♣......#
#.# #)..#♣♣
♣♣P....####.# ###
♣♣###.......
####.### #.# #.#
#.# #.# ...


You could see Crazy Yiuf (extremely poisoned).

Vanquished Creatures
  Robin (D:3)
  2 adders (D:3)
  A gnoll (D:1)
  2 worms
  2 orcs (D:3)
  3 endoplasms
  3 giant cockroaches
  9 goblins
  9 hobgoblins
  5 jackals (D:1)
  5 quokkas
  2 ball pythons
  6 bats
  7 frilled lizards
  5 kobolds
  6 rats
68 creatures vanquished.

Notes
Turn   | Place    | Note
-------+----------+-------------------------------------------
     0 | D:1      | GigaChad the Demonspawn Chaos Knight began the quest for
                  | the Orb.
     0 | D:1      | Reached XP level 1. HP: 18/18 MP: 1/1
    95 | D:1      | XOM: divination: detect creatures
   300 | D:1      | Reached skill level 3 in Long Blades
   349 | D:1      | Reached skill level 1 in Dodging
   349 | D:1      | Gained mutation: You have an unusually large brain. (Int
                  | +2) [demonic ancestry]
   349 | D:1      | Reached XP level 2. HP: 20/24 MP: 2/2
   512 | D:1      | XOM: cast spell 'Olgreb's Toxic Radiance'
   548 | D:1      | XOM: 3-stop teleportation journey
   568 | D:1      | XOM: polymorph frilled lizard -> gnoll
   573 | D:1      | Reached XP level 3. HP: 23/29 MP: 3/3
   822 | D:1      | You fall into a shaft and drop 1 floor!
   880 | D:2      | XOM: silly message
  1123 | D:2      | XOM: silly message
  1125 | D:2      | XOM: silly message
  1177 | D:2      | XOM: divination: detect creatures
  1183 | D:2      | XOM: noise
  1206 | D:2      | Noticed Sigmund
  1528 | D:3      | Noticed Robin
  1530 | D:3      | Gained mutation: Spells you cast may paralyse adjacent
                  | enemies. [demonic ancestry]
  1530 | D:3      | Reached XP level 4. HP: 35/35 MP: 4/4
  1546 | D:3      | Killed Robin
  1597 | D:3      | Reached skill level 4 in Long Blades
  1677 | D:3      | XOM: cloud trail
  1893 | D:3      | Found a runed translucent door.
  1894 | D:3      | Noticed Crazy Yiuf
  1901 | D:3      | Paralysed by Crazy Yiuf for 6 turns
  1903 | D:3      | HP: 1/35 [Crazy Yiuf/+4 quarterstaff of chaos (3)]
  1904 | D:3      | Succumbed to Crazy Yiuf's poison

Illustrated notes

Levels and vault maps discovered:
D:1:      scummos_arrival_simple_crosswalls, layout_loops_ring
D:2:      minmay_angry_zag, layout_loops_ring,
          shapermc_ecumenical_altar_totnotflames, uniq_sigmund
D:3:      minmay_door_path, layout_loops_ring, corexii_item_surrounded_by_moat,
          uniq_terence, uniq_crazy_yiuf_cottage, uniq_robin, uniq_ijyb

Skill      XL: |  1  2  3  4 |
---------------+-------------+-----
Long Blades    | 3 4 |  4.1
Dodging        | 1 |  1.8
Armour         | 2 |  2.0
Fighting       | |  3.4
Stealth        | |  0.1
Shields        | |  0.5

Action                   |  1- 3 |  4- 6 || total
-------------------------+-------+-------++-------
Melee: Falchion          |   140 |    71 ||   211
 Stab: Paralysed         |     1 |       ||     1
       Sleeping          |     1 |       ||     1
Armor: Leather armour    |    83 |    38 ||   121
Dodge: Dodged            |   138 |    31 ||   169
Block: Orb               |    11 |     7 ||    18
       Other             |    11 |       ||    11
       Reflection        |     1 |       ||     1
       Kite shield       |       |    29 ||    29

Table legend: (Time is in decaauts)
 A = Elapsed time spent in this place.
 B = Non-inter-level travel time spent in this place.
 C = Inter-level travel time spent in this place.
 D = Time resting spent in this place.
 E = Time spent auto-exploring this place.
 F = Levels seen in this place.
 G = Mean time per level.
                   A        B        C        D        E       F      G
               +--------+--------+--------+--------+--------+-----+--------+
         Total |   1935 |   1928 |      7 |    219 |    292 |   3 |  645.0 |
       Dungeon |   1935 |   1928 |      7 |    219 |    292 |   3 |  645.0 |
               +--------+--------+--------+--------+--------+-----+--------+

Top non-repeatable levels by time:
     D:1: 832 daAuts
     D:2: 561 daAuts
     D:3: 541 daAuts
